AoeStats
← Cyo Electryx

Pilgrims

509454890Analyzed
3v3 RM · 7d ago on Sep 26, 2026· 83m 44s· 6 players
Game mode
Random Map
Map size
Normal (6 player)
Population
200
Speed
Normal
Resources
Standard
Victory
Conquest
Starting age
Dark Age
Ending age
Imperial Age
RankedLock teamsTeams togetherTeam positionsShared explorationLock speedFull tech treeHidden civsTurbo modeCheats
Victory
Defeat
🇬🇧 Japanese · United Kingdom
1259
+17
🇲🇽 Persians · Mexico
1248
+17
🇲🇽 Vietnamese · Mexico
1223
+18
🇩🇪 Saxons · Germany
1301
-18
🇩🇪 Vikings · Germany
1276
-17
🇩🇪 Persians · Germany
1259
-17
Naco y Estúpido
5:55 Loom
6:54 Loom
8:01 Loom
22:04 Feudal Age
24:31 Double-Bit Axe
35:42 Castle Age
35:09 Scale Barding Armor
35:15 Forging
35:14 Horse Collar
36:53 Bow Saw
37:09 Bloodlines
39:21 Husbandry
40:33 Chain Barding Armor
40:23 Forging
42:53 Fletching
45:32 Forging
47:34 Iron Casting
46:55 Bodkin Arrow
50:59 Imperial Age
49:04 Wheelbarrow
54:14 Wheelbarrow
53:26 Cavalier
54:43 Plate Barding Armor
55:08 Blast Furnace
55:45 Hand Cart
57:45 Conscription
57:53 Savar
60:40 Blast Furnace
59:48 Gold Mining
59:48 Stone Mining
61:10 Ballistics
61:51 Chemistry
62:25 Heavy Plow
63:53 Citadels
68:13 Masonry
68:41 Hoardings
68:50 Kamandaran
71:31 Caravan
71:55 Padded Archer Armor
72:59 Architecture
74:11 Thumb Ring
73:37 Elite Skirmisher
73:50 Crossbowman
81:57 Leather Archer Armor
boluwatifeajibade
6:58 Loom
9:53 Feudal Age
10:28 Double-Bit Axe
18:33 Castle Age
16:26 Fletching
16:38 Gold Mining
19:35 Medium Warships
19:25 Bodkin Arrow
24:04 Ballistics
27:21 Thumb Ring
27:48 Horse Collar
28:19 Bow Saw
30:48 Wheelbarrow
30:42 Heavy Plow
31:24 Bloodlines
39:19 Imperial Age
37:42 Hand Cart
38:17 Padded Archer Armor
40:04 Bracer
41:07 Chemistry
40:14 Siege Engineers
40:20 Masonry
42:02 Elite Samurai
43:11 Scale Mail Armor
44:19 Chain Mail Armor
45:58 Plate Mail Armor
46:48 Forging
48:30 Conscription
48:27 Squires
48:13 Arson
53:42 Iron Casting
55:38 Blast Furnace
56:05 Leather Archer Armor
55:14 Elite Skirmisher
62:01 Pikeman
63:54 Halberdier
71:58 Caravan
74:37 Ring Archer Armor
81:07 Siege Engineers
82:28 Two-Man Saw
81:20 Town Watch
Cyo Electryx
6:07 Loom
12:47 Feudal Age
13:20 Fishing Lines
14:58 Double-Bit Axe
16:34 Fletching
21:10 Castle Age
21:14 Wheelbarrow
21:32 Demolition Ship
22:29 Gillnets
27:02 Hand Cart
26:33 Town Watch
27:15 Medium Warships
28:01 Gold Mining
35:18 Imperial Age
34:16 Bodkin Arrow
34:21 Padded Archer Armor
34:32 Forging
34:56 Bow Saw
35:26 Sanctity
35:59 Ballistics
35:50 Masonry
35:20 Treadmill Crane
36:18 Squires
36:04 Arson
36:54 Block Printing
38:51 Paper Money
39:20 Elite Fire Lancer
40:08 Horse Collar
41:16 Scale Mail Armor
43:01 Heavy Plow
45:08 Hoardings
45:52 Iron Casting
45:32 Chain Mail Armor
46:57 Chemistry
47:14 Bracer
48:33 Herbal Medicine
48:47 Stone Mining
50:38 Murder Holes
51:27 Stone Shaft Mining
51:56 Crossbowman
52:41 Thumb Ring
52:35 Arbalester
54:57 Chatras
54:28 Sappers
55:29 Leather Archer Armor
55:22 Scale Barding Armor
58:45 Bloodlines
58:35 Husbandry
59:07 Elite Rattan Archer
60:54 Caravan
61:24 Coinage
62:35 Siege Engineers
63:17 Coinage
64:49 Banking
64:31 Guilds
66:13 Pikeman
71:45 Crop Rotation
72:51 Two-Man Saw
72:14 Halberdier
72:15 Man-at-Arms
72:23 Elite Battle Elephant
Julian X!
7:13 Loom
12:52 Feudal Age
13:59 Double-Bit Axe
18:51 Castle Age
17:53 Fletching
21:41 Bow Saw
24:43 Fishing Lines
25:46 Gillnets
26:05 Town Watch
27:48 Wheelbarrow
28:10 Scale Barding Armor
31:03 Hand Cart
30:31 Elite Skirmisher
32:45 Bodkin Arrow
32:50 Padded Archer Armor
34:35 Ballistics
39:04 Pikeman
39:44 Squires
47:40 Imperial Age
46:25 Forging
48:21 Husbandry
48:32 Bloodlines
50:00 Cavalier
54:12 Iron Casting
54:05 Chain Barding Armor
57:29 Savar
60:04 Caravan
60:34 Coinage
61:46 Light Cavalry
63:54 Plate Barding Armor
64:19 Blast Furnace
63:18 Horse Collar
64:56 Two-Man Saw
64:09 Scale Mail Armor
63:55 Halberdier
64:12 Heavy Camel Rider
66:10 Blast Furnace
65:38 Chain Mail Armor
68:01 Conscription
70:27 Medium Warships
74:58 Heavy Plow
78:11 Leather Archer Armor
[CU] MatthiasKF
4:40 Loom
11:55 Feudal Age
16:00 Double-Bit Axe
18:43 Castle Age
17:34 Fletching
20:05 Medium Warships
20:04 Bodkin Arrow
24:04 Clinker Construction
25:18 Ballistics
33:32 Fishing Lines
39:46 Imperial Age
37:18 Pikeman
38:23 Elite Skirmisher
40:35 Bow Saw
41:49 Chemistry
41:12 Gillnets
41:58 Forging
41:48 Scale Mail Armor
41:17 Elite Berserk
43:38 Iron Casting
44:40 Chain Mail Armor
46:59 Blast Furnace
46:30 Plate Mail Armor
46:58 Gold Mining
46:51 Horse Collar
48:32 Conscription
48:16 Bogsveigar
48:06 Cavalier
48:56 Scale Barding Armor
49:21 Conscription
51:28 Hoardings
51:58 Coinage
52:16 Crossbowman
54:14 Light Cavalry
56:49 Carvel Hull
59:08 Two-Man Saw
61:32 Bracer
61:36 Murder Holes
62:59 Squires
65:26 Banking
67:56 Caravan
68:52 Chieftains
71:00 Heavy Plow
72:33 Capped Ram
76:26 Elite Varangian Guard
81:55 Town Watch
Scorpison
10:26 Loom
31:10 Feudal Age
33:28 Double-Bit Axe
36:27 Castle Age
37:28 Bow Saw
44:37 Fletching
44:50 Scale Mail Armor
44:53 Murder Holes
45:09 Masonry
44:54 Fishing Lines
45:28 Horse Collar
46:50 Chain Mail Armor
49:44 Imperial Age
48:03 Bodkin Arrow
48:39 Squires
48:44 Padded Archer Armor
49:29 Gold Mining
50:29 Ballistics
50:27 Leather Archer Armor
50:46 Conscription
50:31 Bracer
51:16 Thumb Ring
52:48 Two-Man Saw
52:09 Cranequins
54:14 Chemistry
54:52 Ring Archer Armor
55:31 Heavy Mounted Crossbowman
57:05 Gillnets
58:05 Architecture
63:35 Heavy Plow
64:20 Wheelbarrow
66:33 Pikeman
67:00 Halberdier
69:32 Caravan
71:31 Plate Mail Armor
71:13 Forging
Connection lost

Rejoining the realm…

Still unreachable

The connection could not be restored.

Session expired

The server has moved on; the page needs a fresh start.